 Dungeon Crawl Stone Soup version 0.13-a0-2484-gc765b08 (webtiles) character file.

91426 Rycklaryybbe the Black Belt (level 15, -1/125 HPs)
             Began as a Mottled Draconian Monk on July 20, 2013.
             Was a High Priest of Okawaru.
             Succumbed to Aizul's bolt of poison
             ... on Level 4 of the Lair of Beasts on July 21, 2013.
             The game lasted 03:15:58 (36720 turns).

Rycklaryybbe the Black Belt (DrMo)                 Turns: 36720, Time: 03:16:03

HP  -1/125       AC 19     Str 16      XL: 15   Next: 50%
MP  17/22        EV 30     Int 15      God: Okawaru [*****.]
Gold 1773        SH 21     Dex 23      Spells:  6 memorised,  1 level left

Res.Fire  : . . .   See Invis. : .     - Unarmed
Res.Cold  : . . .   Warding    : .   (armour unavailable)
Life Prot.: . . .   Conserve   : +   I - +1 shield
Res.Poison: .       Res.Corr.  : .   M - +2 orc wizard hat
Res.Elec. : .       Clarity    : .   m - +1 cloak of Experimentation {Dex+3 Int+4}
Sust.Abil.: . .     Spirit.Shd : .   O - +2 pair of gauntlets {Str+3}
Res.Mut.  : .       Stasis     : .   Y - +2 pair of boots {Fly}
Res.Rott. : .       Flight     : +   S - amulet of conservation
Saprovore : . . .                    V - ring of protection from magic
                                     K - +6 ring of evasion

@: regenerating (expiring), flying, very poisoned, quite resistant to hostile
enchantments, stealthy
A: breathe sticky flames, unfitting armour, horns 1, AC +9
a: Breathe Sticky Flame, Heroism, Finesse, Renounce Religion, Stop Flying


You were on level 4 of the Lair of Beasts.
You worshipped Okawaru.
Okawaru was extremely pleased with you.
You were very hungry.

You visited 5 branches of the dungeon, and saw 29 of its levels.
You also visited: Ossuary.

You collected 3007 gold pieces.
You spent 1234 gold pieces at shops.

Inventory:

Hand weapons
 d - a +2,+1 longbow of flame
 x - a +0 blowgun
 T - the -3,-4 quarterstaff of Fyziomau {freeze, rElec rPois SInv}
   (You found it on level 2 of the Lair of Beasts)

   It has been specially enchanted to freeze those struck by it, causing extra
   injury to most foes and up to double damage against particularly susceptible
   opponents.
   It can also slow down cold-blooded creatures.
   It insulates you from electricity.
   It protects you from poison.
   It enhances your eyesight.
Missiles
 a - 90 poisoned needles
 f - 2 throwing nets
 s - 7 curare-tipped needles
 w - 19 poisoned arrows
 W - 7 javelins (quivered)
Armour
 m - the +1 cloak of Experimentation (worn) {Dex+3 Int+4}
   (Okawaru gifted it to you on level 8 of the Lair of Beasts)

   It affects your intelligence (+4).
   It affects your dexterity (+3).
 n - the +1 pair of gloves "Kliasm" {SInv Stlth+}
   (Okawaru gifted it to you on level 14 of the Dungeon)

   It enhances your eyesight.
   It makes you much more stealthy.
 A - a +1 pair of gloves of dexterity
 I - a +1 shield (worn)
 M - a +2 orcish wizard hat (worn)
 O - a +2 pair of gauntlets of strength (worn)
 Y - a +2 pair of boots of flying (worn)
Magical devices
 c - a wand of fire (2)
 k - a wand of paralysis (8)
 F - a wand of cold (4)
 G - a wand of teleportation (7)
Comestibles
 g - 2 meat rations
 t - 5 beef jerkies
 N - 17 bread rations
Scrolls
 i - a scroll of blinking
 j - 7 scrolls of identify
 l - 4 scrolls of remove curse
 z - a scroll of silence {unknown}
 B - 3 scrolls of teleportation
 J - 2 scrolls of magic mapping
 R - a scroll of fog
Jewellery
 e - an uncursed ring of see invisible
 p - a +4 ring of protection
 v - an uncursed ring of protection from cold
 K - a +6 ring of evasion (left hand)
 S - an amulet of conservation (around neck)
 V - a ring of protection from magic (right hand)
Potions
 o - 7 potions of restore abilities
 r - 5 potions of brilliance
 C - a potion of agility
 L - 2 potions of magic
Magical staves
 b - an uncursed staff of energy
Miscellaneous
 h - an ornate deck of wonders
 u - a lamp of fire
 E - a lamp of fire


   Skills:
 - Level 11.4 Fighting
 - Level 13.2 Dodging
 - Level 1.7 Stealth
 + Level 3.1 Shields
 - Level 17.1 Unarmed Combat
 - Level 3.2 Spellcasting
 - Level 11.6 Necromancy
 + Level 3.2 Translocations
 - Level 2.5 Invocations


You had one spell level left.
You knew the following spells:

 Your Spells              Type           Power        Failure   Level  Hunger
a - Animate Skeleton      Necr           N/A          1%          1    #......
b - Vampiric Draining     Necr           #####.....   1%          3    ###....
c - Regeneration          Chrm/Necr      ###.......   21%         3    ###....
d - Agony                 Necr           #####...     21%         5    ######.
e - Dispel Undead         Necr           #####...     21%         5    ######.
f - Blink                 Tloc           N/A          30%         2    ##.....


Dungeon Overview and Level Annotations

Branches:
Dungeon (15/27)            Temple (1/1) D:6             Orc (4/4) D:7
    Elf (0/3) Orc:3          Lair (8/8) D:11          Swamp (1/5) Lair:4
 Spider (0/5) Lair:6        Slime (0/6) Lair:6
 Vaults: D:15-20

Altars:
Ashenzari
Cheibriados
Elyvilon
Fedhas
Kikubaaqudgha
Makhleb
Nemelex Xobeh
Okawaru
Sif Muna
Trog
Vehumet
Xom
Yredelemnul
Zin
the Shining One
Beogh

Shops:
D:4: * D:10: ( D:11: [ Orc:3: ! Orc:4: ++?[

Portals:
Volcano: Orc:4

Annotations
Swamp:1 Aizul


Innate Abilities, Weirdness & Mutations

You can spit globs of burning liquid.
You can ignite nearby creatures when you spit burning liquid.
Your weird mottled scales are hard (AC +9).
Your body does not fit into most forms of armour.
Your cold-blooded metabolism reacts poorly to cold.
You have a pair of small horns on your head.


Message History

Keep disrobing?
* * * LOW HITPOINT WARNING * * *
You feel very sick.
You start removing your armour.
You continue taking off your +1 shield.
* * * LOW HITPOINT WARNING * * *
You feel very sick.
You continue taking off your +1 shield.
* * * LOW HITPOINT WARNING * * *
You feel very sick.
You continue taking off your +1 shield.
Your skin is crawling a little less now.
You feel less exhausted.
* * * LOW HITPOINT WARNING * * *
You feel very sick.
You continue taking off your +1 shield.
* * * LOW HITPOINT WARNING * * *
You feel very sick.
You feel a little better.
You continue taking off your +1 shield.
You die...

##.........######
##....#.....##.###
#.................
♣..♣<.............
##♣♣♣♣♣≈♣......#######
#.≈♣.≈≈♣≈.....##
#♣≈≈§§§≈♣♣♣...##
#♣≈≈≈§§§≈♣♣....#
#≈≈≈§@§§≈≈♣..###
#♣≈≈§§§§≈♣(###
♣♣≈§§§≈♣≈♣# ♣.≈≈≈≈♣.#
♣♣♣♣≈♣♣## ♣♣♣


There were no monsters in sight!

Vanquished Creatures
  An orc warlord (Orc:4)
  Azrael (D:14)
  Josephine (D:10)
  7 hydras
  Nessos (D:14)
  5 ogre magi
  Erica (D:15)
  13 death yaks (Lair:8)
  3 catoblepae (Lair:8)
  3 skeletal warriors (D:15)
  An unseen horror (D:11)
  An orc knight (Orc:3)
  A giant amoeba (D:14)
  4 lindwurms (Lair:7)
  5 hill giants
  A griffon (Lair:6)
  4 cyclopes
  2 orc sorcerers (Orc:4)
  4 elephants (Lair:7)
  5 black mambas
  12 spiny frogs
  3 fire drakes
  4 trolls
  5 yaktaurs (D:15)
  7 komodo dragons
  A hydra zombie (D:10)
  A wandering mushroom (Lair:8)
  18 two-headed ogres
  Sonja (D:14)
  A bog body (Lair:4)
  A hydra skeleton (D:14)
  A giant leech (Swamp:1)
  15 blink frogs
  13 slime creatures
  A trapdoor spider (D:13)
  An octopode (shapeshifter) (D:15)
  3 sharks (Lair:4)
  An ettin skeleton (D:14)
  3 basilisks
  A griffon skeleton (D:10)
  3 wyverns
  A ynoxinul (Orc:4)
  2 elephant slugs (Lair:7)
  3 fire elementals (D:14)
  3 shadows
  56 yaks
  18 vampire mosquitoes
  A neqoxec (Orc:4)
  5 wolves (Lair:5)
  A rock worm (D:15)
  2 hill giant skeletons
  7 hippogriffs
  An agate snail zombie (D:14)
  5 necrophages (Lair:3)
  2 soldier ants
  3 manticores
  2 mottled dragons (D:11)
  2 black bears
  9 porcupines
  4 hell hounds (D:14)
  An ice beast (D:11)
  41 ogres
  29 orc warriors
  A giant goldfish (Lair:4)
  17 crocodiles
  3 sky beasts
  2 yellow wasps
  A phantom (D:4)
  10 centaurs
  A boring beetle (Lair:4)
  6 wargs
  Duvessa (Orc:1)
  3 big kobolds
  A yaktaur zombie (D:14)
  6 giant slugs
  14 water moccasins
  A brain worm (D:14)
  A wyvern zombie (D:14)
  6 agate snails
  A cyclops zombie (D:15)
  17 giant frogs
  A wyvern skeleton (D:10)
  4 wights (D:12)
  A jellyfish (Lair:4)
  A troll zombie (Orc:4)
  A troll skeleton (D:10)
  2 electric eels (Swamp:1)
  6 killer bees (D:12)
  A yak skeleton (D:15)
  Dowan (Orc:1)
  10 crimson imps
  A yellow wasp zombie (D:6)
  2 quasits
  A giant frog zombie (D:5)
  4 goliath beetles
  2 giant frog skeletons
  10 hounds
  A centaur skeleton (D:5)
  A scorpion (D:5)
  39 orc priests
  8 spiders (Lair:6)
  A big fish (Lair:4)
  31 orc wizards
  A two-headed ogre skeleton (Orc:4)
  A warg zombie (Orc:4)
  A killer bee zombie (D:14)
  11 iguanas
  An ogre zombie (D:6)
  A brain worm zombie (D:10)
  18 sheep
  4 worker ants
  5 jellies
  A mottled dragon zombie (D:14)
  A hound zombie (D:10)
  A hound skeleton (D:6)
  An ogre skeleton (D:6)
  Terence (D:2)
  11 mummies
  9 gnolls
  8 green rats
  A worker ant zombie (D:10)
  30 adders
  4 giant centipedes
  An inept item mimic (D:5)
  2 inept feature mimics
  7 worms
  2 ufetubi (Orc:4)
  A giant centipede zombie (D:15)
  2 giant eyeballs (D:14)
  7 giant geckos
  200 orcs
  A ball python (D:2)
  11 giant cockroaches
  27 hobgoblins
  An ooze (D:5)
  11 quokkas
  18 bats
  A giant gecko skeleton (D:4)
  6 giant newts
  A giant spore (D:10)
  27 goblins
  2 goblin zombies (D:5)
  3 hobgoblin zombies (Ossuary)
  27 jackals
  30 kobolds
  3 kobold zombies (Ossuary)
  An orc skeleton (D:10)
  4 orc zombies
  2 quokka skeletons
  34 rats
  2 ballistomycetes
  A bush (Lair:4)
  A fungus (Lair:7)
  A plant (D:14)
1127 creatures vanquished.

Vanquished Creatures (collateral kills)
  2 jackals (Lair:5)
  A fungus (Lair:5)
3 creatures vanquished.

Vanquished Creatures (others)
  An earth elemental (D:15)
  A crimson imp (D:15)
  A two-headed ogre simulacrum (D:14)
  2 ufetubi (Orc:4)
  An orc (Orc:4)
  A giant spore (D:14)
  2 plants
9 creatures vanquished.

Grand Total: 1139 creatures vanquished

Notes
Turn   | Place    | Note
--------------------------------------------------------------
     0 | D:1      | Rycklaryybbe, the Draconian Monk, began the quest for the Orb.
     0 | D:1      | Reached XP level 1. HP: 17/17 MP: 0/0
   225 | D:1      | Reached XP level 2. HP: 19/24 MP: 1/1
   467 | D:1      | Reached skill level 5 in Unarmed Combat
   467 | D:1      | Reached XP level 3. HP: 15/30 MP: 2/2
  1284 | D:2      | Reached XP level 4. HP: 22/37 MP: 3/3
  1644 | D:2      | Noticed Terence
  1840 | D:3      | Learned a level 1 spell: Animate Skeleton
  1967 | D:3      | Reached skill level 6 in Unarmed Combat
  2300 | D:3      | Gained mutation: You are resistant to hostile enchantments. [potion of mutation]
  2300 | D:3      | Gained mutation: You are highly resistant to hostile enchantments. [potion of mutation]
  2300 | D:3      | Gained mutation: You have a pair of small antennae on your head. [potion of mutation]
  2322 | D:3      | Paralysed by a potion of paralysis for 3 turns
  2625 | D:4      | Found Cheaqaz's General Store.
  2773 | D:4      | Reached XP level 5. HP: 33/44 MP: 4/4
  2797 | D:4      | Noticed a phantom
  3037 | D:4      | Killed a phantom
  3289 | D:4      | Found a glowing golden altar of the Shining One.
  3336 | D:4      | Reached XP level 6. HP: 41/51 MP: 5/5
  3884 | D:5      | Entered Level 5 of the Dungeon
  3916 | D:5      | Reached skill level 7 in Unarmed Combat
  4063 | D:5      | Reached skill level 5 in Fighting
  4689 | D:5      | Your scales start taking on a weird mottled pattern.
  4689 | D:5      | Reached XP level 7. HP: 54/58 MP: 6/6
  4845 | D:5      | Found a sand-covered staircase.
  4852 | Ossuary  | Entered an ossuary
  5113 | Ossuary  | Lost mutation: You are highly resistant to hostile enchantments. [potion of cure mutation]
  5113 | Ossuary  | Lost mutation: You are resistant to hostile enchantments. [potion of cure mutation]
  5113 | Ossuary  | Lost mutation: You have a pair of small antennae on your head. [potion of cure mutation]
  5483 | D:6      | Reached skill level 8 in Unarmed Combat
  5701 | D:6      | Found a staircase to the Ecumenical Temple.
  5711 | Temple   | Entered the Ecumenical Temple
  5808 | Temple   | Became a worshipper of Warmaster Okawaru
  5808 | Temple   | Acquired Okawaru's first power
  6045 | D:6      | Reached XP level 8. HP: 49/68 MP: 7/7
  6084 | D:6      | Found a shimmering altar of Xom.
  6195 | D:6      | Reached skill level 9 in Unarmed Combat
  6695 | D:7      | Found an iron altar of Okawaru.
  6818 | D:7      | Reached skill level 10 in Unarmed Combat
  7298 | D:7      | Found a white marble altar of Elyvilon.
  7587 | D:7      | Reached XP level 9. HP: 65/73 MP: 8/8
  8125 | D:7      | Found a staircase to the Orcish Mines.
  8461 | D:5      | Reached skill level 5 in Dodging
  8816 | D:2      | Killed Terence
  8950 | D:2      | Found a deep blue altar of Sif Muna.
  9853 | D:8      | Found a bloodstained altar of Trog.
 10528 | D:9      | Found an iron altar of Okawaru.
 11027 | D:10     | Entered Level 10 of the Dungeon
 11045 | D:10     | Noticed a hill giant
 11062 | D:10     | Killed a hill giant
 11379 | D:10     | Reached XP level 10. HP: 48/81 MP: 9/9
 11651 | D:9      | Noticed an eight-headed hydra
 11709 | D:9      | Killed an eight-headed hydra
 12015 | D:10     | Reached skill level 10 in Dodging
 12200 | D:10     | Found Nierir's Weapon Emporium.
 12410 | D:10     | Noticed Josephine
 12430 | D:10     | Killed Josephine
 12436 | D:10     | Acquired Okawaru's second power
 12913 | D:11     | Killed an unseen horror
 12913 | D:11     | Reached XP level 11. HP: 17/92 MP: 10/10
 13299 | D:11     | Found a staircase to the Lair.
 13594 | D:11     | Found Onuseh's Antique Armour Shoppe.
 13599 | D:11     | Reached skill level 10 in Fighting
 13693 | D:11     | Reached skill level 1 in Necromancy
 14301 | D:12     | Learned a level 3 spell: Vampiric Draining
 14504 | D:12     | Received a gift from Okawaru
 15035 | D:12     | Reached skill level 5 in Necromancy
 15623 | D:13     | Learned a level 3 spell: Regeneration
 16272 | D:13     | Noticed a hill giant
 16683 | Lair:1   | Entered Level 1 of the Lair of Beasts
 16855 | Lair:1   | Noticed a four-headed hydra
 16871 | Lair:1   | Killed a four-headed hydra
 17189 | Lair:1   | Reached skill level 11 in Unarmed Combat
 17970 | Lair:2   | Got a bone quarterstaff
 17984 | Lair:2   | Identified the cursed quarterstaff of Fyziomau {freeze, rElec rPois SInv} (You found it on level 2 of the Lair of Beasts)
 18394 | Lair:2   | Reached XP level 12. HP: 27/101 MP: 11/11
 18616 | Lair:2   | Received a gift from Okawaru
 19432 | Lair:3   | Reached skill level 10 in Necromancy
 20124 | Lair:4   | Reached skill level 1 in Spellcasting
 20131 | Lair:4   | Learned a level 5 spell: Agony
 20569 | Lair:4   | Found a staircase to the Swamp.
 20627 | Lair:4   | Reached skill level 12 in Unarmed Combat
 20947 | Lair:4   | Noticed a five-headed hydra
 20962 | Lair:4   | Killed a five-headed hydra
 20981 | Lair:4   | Received a gift from Okawaru
 21354 | Lair:5   | Reached skill level 13 in Unarmed Combat
 22012 | Lair:6   | Identified the Guide on Icy Confrontation (You found it on level 6 of the Lair of Beasts)
 22053 | Lair:6   | Received a gift from Okawaru
 22053 | Lair:6   | Reached XP level 13. HP: 60/107 MP: 11/15
 22615 | Lair:6   | Reached skill level 14 in Unarmed Combat
 22696 | Lair:6   | Found a staircase to the Slime Pits.
 22863 | Lair:6   | Found a hole to the Spider Nest.
 23563 | Lair:7   | Reached skill level 15 in Unarmed Combat
 24004 | Lair:7   | Received a gift from Okawaru
 24152 | Lair:7   | Reached skill level 1 in Invocations
 24877 | Lair:7   | Got a shimmering dagger
 24878 | Lair:7   | Identified the dagger of the Firefly {freeze, rElec} (You found it on level 7 of the Lair of Beasts)
 25246 | Lair:8   | Entered Level 8 of the Lair of Beasts
 25993 | Lair:8   | Learned a level 5 spell: Dispel Undead
 26255 | Lair:8   | Reached XP level 14. HP: 103/115 MP: 15/21
 26480 | Lair:8   | Received a gift from Okawaru
 26481 | Lair:8   | Got a smoking cloak {god gift}
 26517 | Lair:8   | Identified the +1 cloak of Experimentation {Dex+3 Int+4} (Okawaru gifted it to you on level 8 of the Lair of Beasts)
 26645 | Lair:8   | Reached skill level 16 in Unarmed Combat
 26938 | Lair:8   | Got a brightly glowing cloak
 26952 | Lair:8   | Identified the +1 cloak of the Republic {Dex-3 Int-6} (You found it on level 8 of the Lair of Beasts)
 28418 | D:13     | Killed a hill giant
 28925 | D:14     | Entered Level 14 of the Dungeon
 29312 | D:14     | Noticed Nessos
 29525 | D:14     | Killed Nessos
 29633 | D:14     | Paralysed by a giant eyeball for 3 turns
 29800 | D:14     | Noticed Sonja
 29806 | D:14     | Noticed Azrael
 30230 | D:14     | Killed Sonja
 30315 | D:14     | Killed Azrael
 30318 | D:14     | Received a gift from Okawaru
 30321 | D:14     | Got a pair of polished gloves {god gift}
 30325 | D:14     | Identified the +1 pair of gloves "Kliasm" {SInv Stlth+} (Okawaru gifted it to you on level 14 of the Dungeon)
 30648 | D:15     | Entered Level 15 of the Dungeon
 30703 | D:14     | Found a blossoming altar of Fedhas.
 31107 | D:15     | Noticed Erica
 31135 | D:15     | Killed Erica
 31562 | D:15     | Reached XP level 15. HP: 98/125 MP: 22/22
 32468 | Orc:1    | Entered Level 1 of the Orcish Mines
 33389 | Orc:1    | Noticed Dowan
 33389 | Orc:1    | Noticed Duvessa
 33397 | Orc:1    | Killed Duvessa
 33405 | Orc:1    | Killed Dowan
 33431 | Orc:1    | Found a roughly hewn altar of Beogh.
 34004 | Orc:3    | Found a roughly hewn altar of Beogh.
 34018 | Orc:3    | Found Taeweoqo's Distillery.
 34148 | Orc:3    | Bought a potion of mutation for 39 gold pieces
 34149 | Orc:3    | Gained mutation: You have a pair of small horns on your head. [potion of mutation]
 34149 | Orc:3    | Gained mutation: Your muscles are strong (Str +1). [potion of mutation]
 34149 | Orc:3    | Lost mutation: Your muscles are strong (Str +1). [potion of mutation]
 34161 | Orc:3    | Bought a potion of berserk rage for 39 gold pieces
 34161 | Orc:3    | Bought a potion of agility for 32 gold pieces
 34165 | Orc:3    | Found a staircase to the Elven Halls.
 34827 | Orc:4    | Entered Level 4 of the Orcish Mines
 35116 | Orc:4    | Found Zomam's Book Emporium.
 35116 | Orc:4    | Found Sashrer's Magic Scroll Shop.
 35116 | Orc:4    | Found Dilyenue's Book Shop.
 35116 | Orc:4    | Found Yhun's Armour Shoppe.
 35128 | Orc:4    | Reached skill level 17 in Unarmed Combat
 35401 | Orc:4    | Bought a +1 shield for 123 gold pieces
 35409 | Orc:4    | Bought a book of Spatial Translocations for 975 gold pieces
 35413 | Orc:4    | Learned a level 2 spell: Blink
 35428 | Orc:4    | Bought a scroll of fog for 26 gold pieces
 35775 | Orc:4    | Reached skill level 1 in Shields
 35775 | Orc:4    | Reached skill level 1 in Translocations
 36064 | Orc:4    | Found a dark tunnel.
 36534 | Swamp:1  | Entered Level 1 of the Swamp
 36668 | Swamp:1  | Noticed Aizul
 36696 | Lair:4   | HP: 6/125 [poisoned by Aizul (bolt of poison)]
 36705 | Lair:4   | HP: 6/125 [poisoned by Aizul (bolt of poison)]
 36710 | Lair:4   | HP: 4/125 [poisoned by Aizul (bolt of poison)]
 36715 | Lair:4   | HP: 4/125 [poisoned by Aizul (bolt of poison)]
 36719 | Lair:4   | HP: 1/125 [poisoned by Aizul (bolt of poison)]
 36720 | Lair:4   | Succumbed to Aizul's bolt of poison

Action                   |  1- 3 |  4- 6 |  7- 9 | 10-12 | 13-15 || total
-------------------------+-------+-------+-------+-------+-------++-------
Melee: Unarmed           |   125 |    68 |   506 |  1321 |  1845 ||  3865
       Whip              |       |   182 |       |       |       ||   182
       Quarterstaff      |       |       |       |    54 |    18 ||    72
 Fire: Blowgun           |       |       |       |     2 |       ||     2
       Longbow           |       |       |       |       |    36 ||    36
Throw: Club              |     2 |       |       |     1 |       ||     3
       Javelin           |       |       |       |     9 |     8 ||    17
 Cast: Vampiric Draining |       |       |       |     1 |     5 ||     6
       Regeneration      |       |       |       |     1 |     5 ||     6
       Agony             |       |       |       |       |    27 ||    27
       Dispel Undead     |       |       |       |       |     2 ||     2
Invok: Heroism           |       |       |     3 |    24 |    28 ||    55
       Finesse           |       |       |       |       |     3 ||     3
 Abil: Breathe Sticky Fl |       |       |    21 |    26 |    14 ||    61
       Evoke Flight      |       |       |       |       |     1 ||     1
Evoke: Wand              |       |       |     5 |    13 |     5 ||    23
       Miscellaneous     |       |       |       |     1 |     2 ||     3
  Use: Potion            |       |     5 |     8 |    14 |    18 ||    45
       Scroll            |       |       |    23 |    19 |    13 ||    55
 Stab: Sleeping          |     3 |     1 |    13 |    10 |     7 ||    34
       Distracted        |       |       |       |     5 |     4 ||     9
       Paralysed         |       |       |       |     1 |     1 ||     2
       Fleeing           |       |       |       |       |     1 ||     1
       Petrified         |       |       |       |       |     1 ||     1
       Invisible         |       |       |       |       |     5 ||     5
